 Dungeon Crawl Stone Soup version 0.29-a0-542-g075992c915 (webtiles) character file.

Game seed: 6415024615143555809

8244 Pooter the Severer (level 11, -7/102 HPs)
             Began as a Minotaur Berserker on June 5, 2022.
             Was an Elder of Trog.
             Killed by nerve-wracking pain
             ... invoked by an orc high priest
              (14 damage)
             ... on level 1 of the Orcish Mines.
             The game lasted 00:52:53 (10219 turns).

Pooter the Severer (Minotaur Berserker)            Turns: 10219, Time: 00:52:53

Health: -7/102     AC: 13    Str: 25    XL:     11   Next: 7%
Magic:  10/10      EV:  7    Int:  4    God:    Trog [****..]
Gold:   295        SH:  5    Dex: 11    Spells: 10/10 levels left

rFire   . . .      SeeInvis .   P - +4 dire flail
rCold   . . .      Faith    .   (shield currently unavailable)
rNeg    . . .      Spirit   .   S - +0 plate armour
rPois   .          Reflect  +   (helmet restricted)
rElec   .          Harm     .   M - +0 cloak
rCorr   .          Rampage  .   O - +0 pair of gloves
Will    .....                   (no boots)
Stlth   ..........              E - amulet of reflection
HPRegen 0.27/turn               (no ring)
MPRegen 0.12/turn               (no ring)

@: mighty, on berserk cooldown, slowed, very slow
A: horns 2, retaliatory headbutt
a: Renounce Religion, Berserk, Trog's Hand, Brothers in Arms


You were on level 1 of the Orcish Mines.
You worshipped Trog.
Trog was greatly pleased with you.
You visited 2 branches of the dungeon, and saw 11 of its levels.

You collected 745 gold pieces.
You spent 450 gold pieces at shops.

Inventory:

Hand Weapons
 a - a +0 war axe
   (You found it on level 3 of the Dungeon)
 b - a +0 hunting sling
   (You found it on level 1 of the Dungeon)
 h - a +0 hand axe
 l - a +0 quarterstaff
   (You found it on level 1 of the Dungeon)
 m - a +1 falchion of holy wrath
   (You found it on level 2 of the Dungeon)
 F - a +0 halberd
   (You took it off a gnoll on level 2 of the Dungeon)
 K - a +2 trident of protection
   (You took it off an orc on level 8 of the Dungeon)
 P - a +4 dire flail (weapon)
   (You took it off a wight on level 9 of the Dungeon)
Missiles
 c - 38 poisoned darts (quivered)
 k - a curare-tipped dart
 q - 3 silver boomerangs
 y - a throwing net {!f}
 z - 2 boomerangs
 Q - 225 stones
 R - 2 boomerangs of dispersal {!f}
Armour
 M - a +0 cloak (worn)
   (You found it on level 8 of the Dungeon)
 O - a +0 pair of gloves (worn)
   (You found it on level 9 of the Dungeon)
 S - a +0 plate armour (worn)
   (You took it off an orc warrior on level 1 of the Orcish Mines)
Jewellery
 p - an amulet of regeneration
   (You found it on level 3 of the Dungeon)
 B - an amulet of the acrobat
   (You found it on level 4 of the Dungeon)
 E - an amulet of reflection (around neck)
   (You found it on level 5 of the Dungeon)
Wands
 d - a wand of iceblast (8)
   (You found it on level 6 of the Dungeon)
 f - a wand of flame (11)
   (You found it on level 9 of the Dungeon)
 u - a wand of paralysis (10)
   (You found it on level 6 of the Dungeon)
 N - a wand of polymorph (11)
   (You found it on level 8 of the Dungeon)
Scrolls
 i - 3 scrolls of fog
 o - 2 scrolls of enchant armour
 r - a scroll of summoning
 t - 7 scrolls of teleportation {@r4}
 v - 2 scrolls of magic mapping
 C - a scroll of noise {!r}
 G - a scroll of immolation {!r}
 H - a scroll of poison {!r}
 J - 2 scrolls of fear
Potions
 e - 3 potions of heal wounds {@q2}
 g - 3 potions of resistance {unknown}
 j - a potion of lignification {!q}
 n - 4 potions of curing {@q1}
 s - 2 potions of brilliance {unknown}
 w - 2 potions of attraction {unknown}
 x - 3 potions of mutation {!q}
 A - 2 potions of might
 D - a potion of magic {unknown}
 I - a potion of flight {unknown}
 L - 3 potions of haste {@q3}


   Skills:
 + Level 11.4 Fighting
 * Level 15.4 Axes
 - Level 2.4 Armour
 - Level 2.1 Dodging
 + Level 6.3 Evocations


You had 10 spell levels left.
You didn't know any spells.
Your spell library was empty.

Dungeon Overview and Level Annotations

Branches:
Dungeon (9/15)             Temple (0/1) D:6             Orc (2/2) D:9
    Elf (0/3) Orc:2
   Lair: D:8-11

Altars:
Ashenzari
Dithmenos
Fedhas
Gozag
Hepliaklqana
Ru
Sif Muna
Trog
Vehumet
Xom
The Shining One
Jiyva

Shops:
D:8 *   Orc:1 !!(

Annotations:
D:8 3 runed translucent doors, OTABOTABOTAB's ghost, novice DECj


Innate Abilities, Weirdness & Mutations

You have a pair of horns on your head.
You reflexively headbutt those who attack you in melee.


Message History

You kill the hellwing!
The hellwing disappears in a puff of smoke!
The ice devil disappears in a puff of smoke!
The orc high priest hits you with a +0 glaive.
You barely miss the orc high priest. You closely miss the orc high priest.
Your headbutt misses the orc high priest.
You are no longer berserk.
You are exhausted.
You feel yourself slow down.
The orc high priest mumbles some strange prayers to Beogh.
You hit the orc high priest.
The ice devil disappears in a puff of smoke!
The orc high priest hits you with a +0 glaive.
The smoke demon roars!
You sock the orc high priest!
Your headbutt misses the orc high priest.
The orc high priest hits you with a +0 glaive.
The smoke demon gestures at you. Beogh smites you!
You barely miss the orc high priest.
The orc high priest hits you with a +0 glaive.
The smoke demon gestures at you. Beogh smites you!
* * * LOW HITPOINT WARNING * * *
You puncture the orc high priest!
Your headbutt misses the orc high priest.
The orc high priest hits you with a +0 glaive!
* * * LOW HITPOINT WARNING * * *
The smoke demon gestures at you. Beogh smites you!
* * * LOW HITPOINT WARNING * * *
The orc high priest hits you with a +0 glaive!
* * * LOW HITPOINT WARNING * * *
Unknown command.
You feel very mighty all of a sudden.
The orc high priest hits you but does no damage.
You puncture the orc high priest!
Your headbutt misses the orc high priest.
The orc high priest barely misses you.
You bludgeon the orc high priest!! The orc high priest barely misses you.
The orc high priest hits you with a +0 glaive!
* * * LOW HITPOINT WARNING * * *
You barely miss the orc high priest.
The ynoxinul gestures.
The orc high priest hits you but does no damage.
You hit the orc high priest.
The orc high priest calls down the wrath of Beogh upon you.
Pain shoots through your body!
You die...

(...... #..#####.## ..#
(..>o.. ....##....##..##
#..(...#....#..........
..._.................# ..
........###....#...^##...#
#....3.............####
#..53o#......#...####..
##..oo##....## ..###..#
#..4#@#...###.###.#...
##.###).)....####.....
####.))##..#.#.#...##
##)....## ##....#.
#.>....# ##..... ##.#..##
###... ###.## ###. .# ##
##


You could see an orc high priest, a smoke demon (summoned), a ynoxinul
(summoned), 2 orcs and an ufetubus (summoned).

Vanquished Creatures
  2 orc sorcerers
  3 trolls
  A shadow (D:9)
  4 yaks (D:9)
  A wyvern (D:8)
  A steam dragon (D:8)
  2 wargs
  3 vampire mosquitoes (D:9)
  4 water moccasins
  8 orc warriors
  2 ice beasts
  3 black bears
  10 ogres
  4 centaurs
  2 phantoms
  4 kobold brigands
  3 bullfrogs
  4 gnoll sergeants (D:9)
  A scorpion (D:5)
  8 wights
  3 hounds
  A gnoll shaman (D:4)
  6 orc priests
  4 jellies
  2 iguanas
  12 orc wizards
  8 adders
  11 gnolls
  A shadow imp (D:5)
  A white imp (D:6)
  A worm (D:4)
  4 dart slugs
  46 orcs
  7 ball pythons
  6 bats
  7 endoplasms
  2 giant cockroaches
  5 goblins
  4 hobgoblins
  11 jackals
  10 quokkas
  4 frilled lizards
  11 kobolds
  4 rats
241 creatures vanquished.

Vanquished Creatures (others)
  A gnoll (Orc:1)
  4 plants
5 creatures vanquished.

Grand Total: 246 creatures vanquished

Notes
Turn   | Place    | Note
-------+----------+-------------------------------------------
     0 | D:1      | Pooter the Minotaur Berserker began the quest for the Orb.
     0 | D:1      | Reached XP level 1. HP: 19/19 MP: 0/0
    92 | D:1      | Reached skill level 4 in Axes
    98 | D:1      | Reached XP level 2. HP: 25/27 MP: 1/1
   592 | D:1      | Reached XP level 3. HP: 33/33 MP: 2/2
   815 | D:1      | Found a faded altar of an unknown god.
   994 | D:2      | Reached skill level 5 in Axes
   994 | D:2      | Reached ** piety under Trog
   997 | D:2      | Reached XP level 4. HP: 14/41 MP: 3/3
  1763 | D:3      | Found a bloodstained altar of Trog.
  1821 | D:3      | Reached skill level 6 in Axes
  2465 | D:3      | Reached XP level 5. HP: 47/47 MP: 4/4
  2561 | D:3      | Reached *** piety under Trog
  2567 | D:3      | Reached skill level 5 in Fighting
  2633 | D:3      | Found a broken altar of Ashenzari.
  2633 | D:3      | Found a shimmering altar of Xom.
  3396 | D:4      | Noticed a phantom
  3403 | D:4      | Killed a phantom
  3404 | D:4      | Reached skill level 7 in Axes
  3404 | D:4      | Reached XP level 6. HP: 56/56 MP: 5/5
  3717 | D:4      | Reached skill level 8 in Axes
  3791 | D:4      | Found a glowing golden altar of the Shining One.
  3878 | D:5      | Entered Level 5 of the Dungeon
  3916 | D:5      | Reached XP level 7. HP: 33/63 MP: 6/6
  3992 | D:5      | Found a shadowy altar of Dithmenos.
  4128 | D:5      | Reached skill level 9 in Axes
  4378 | D:5      | Reached XP level 8. HP: 64/73 MP: 7/7
  4439 | D:5      | Found a shimmering blue altar of Sif Muna.
  4572 | D:5      | Reached skill level 10 in Axes
  4577 | D:6      | Found a staircase to the Ecumenical Temple.
  5120 | D:6      | Reached skill level 1 in Evocations
  5499 | D:7      | Found a sacrificial altar of Ru.
  5533 | D:7      | Reached skill level 11 in Axes
  5558 | D:7      | Reached **** piety under Trog
  5890 | D:7      | Reached XP level 9. HP: 61/82 MP: 8/8
  6401 | D:7      | Reached skill level 12 in Axes
  7007 | D:7      | Found an opulent altar of Gozag.
  7013 | D:7      | Found a blossoming altar of Fedhas.
  7016 | D:7      | Found a hazy altar of Hepliaklqana.
  7605 | D:8      | Found Couklaf's Assorted Antiques.
  7620 | D:8      | Bought a scroll labelled ZIROTSUHAE for 25 gold pieces
  7620 | D:8      | Bought a smoky blue potion for 22 gold pieces
  7620 | D:8      | Bought a scroll of fog for 50 gold pieces
  7667 | D:8      | Reached skill level 13 in Axes
  7762 | D:8      | Found a runed translucent gate.
  7762 | D:8      | Found a runed translucent gate.
  7763 | D:8      | Found a runed translucent gate.
  7770 | D:8      | Noticed OTABOTABOTAB's ghost (novice DECj)
  7924 | D:8      | Found a viscous altar of Jiyva.
  8184 | D:9      | Reached skill level 10 in Fighting
  8184 | D:9      | Reached XP level 10. HP: 64/93 MP: 9/9
  8371 | D:9      | Found a staircase to the Orcish Mines.
  8375 | D:9      | Reached skill level 14 in Axes
  8375 | D:9      | Reached skill level 5 in Evocations
  8539 | Orc:1    | Entered Level 1 of the Orcish Mines
  8638 | Orc:1    | Noticed an orc sorcerer
  8902 | D:9      | Killed an orc sorcerer
  8963 | Orc:1    | Found Xesuhog's Weapon Boutique.
  9030 | Orc:1    | Found Azamaes's Distillery.
  9176 | Orc:1    | Found Yrounwu's Distillery.
  9177 | Orc:1    | Bought a potion of degeneration for 13 gold pieces
  9177 | Orc:1    | Bought a potion of might for 52 gold pieces
  9177 | Orc:1    | Bought a potion of haste for 130 gold pieces
  9177 | Orc:1    | Bought a potion of curing for 39 gold pieces
  9216 | D:9      | Reached skill level 15 in Axes
  9457 | Orc:1    | Bought a potion of might for 68 gold pieces
  9487 | Orc:1    | Bought a potion of lignification for 51 gold pieces
  9548 | Orc:2    | Entered Level 2 of the Orcish Mines
  9564 | Orc:2    | Found a staircase to the Elven Halls.
  9661 | Orc:1    | HP: 7/144 [orc priest/+0 flail (6)]
  9664 | Orc:1    | Reached XP level 11. HP: 9/102 MP: 10/10
 10062 | Orc:1    | Noticed an orc sorcerer
 10064 | Orc:1    | Noticed a sixfirhy
 10124 | Orc:1    | Killed an orc sorcerer
 10179 | Orc:1    | Found a radiant altar of Vehumet.
 10182 | Orc:1    | Noticed an orc high priest
 10219 | Orc:1    | Killed from afar by an orc high priest

Illustrated notes

Levels and vault maps discovered:
D:1:      dpeg_arrival_arbitrary_a, layout_basic,
          dreamdust_ecumenical_altar_grove, hex_large,
          minmay_misc_feat_ornament, minmay_tromino_i4
D:2:      layout_rooms
D:3:      minmay_angry_zag, layout_loops_ring, gammafunk_temple_overflow_wave,
          mainiacjoe_overflow_brackets
D:4:      layout_cave_pools, tso_oasis_becter, st_stairs_5
D:5:      layout_rooms, lemuel_blue_sif_altar, nicolae_dithmenos_shadow_blocks
D:6:      layout_basic, temple_fountains, minmay_statues_item, grunt_decor_cap
D:7:      layout_rooms, mainiacjoe_overflow_small_starburst,
          minmay_overflow_temple_star_quad
D:8:      layout_rooms, serial_shops, kennysheep_mini_moat,
          gammafunk_ghost_ooze, roderic_filled_cross,
          minmay_fractal_squares_gapless_5
D:9:      gammafunk_jiyva_shrine, layout_irregular_city,
          kennysheep_orc_monster_closet_entryway, uniq_prince_ribbit1
Orc:1:    layout_diamond_mine, serial_shops, nicolae_square_shop,
          nicolae_shop_bloodbath_and_beyond, shop, basic_altar
Orc:2:    st_orc_town, layout_caves, serial_shops, shop_statue, basic_altar,
          maelrawn_ghost_gauntlet_escape, minmay_orc_barracks

Skill      XL: |  1  2  3  4  5  6  7  8  9 10 |
---------------+-------------------------------+-----
Axes           | 4 5 6 7 8 9 11 13 15 | 15.4
Fighting       | 4 5 6 7 8 10 11 | 11.4
Evocations     | 2 4 6 |  6.3
Armour         | |  2.4
Dodging        | |  2.1

Action                   |  1- 3 |  4- 6 |  7- 9 | 10-12 || total
-------------------------+-------+-------+-------+-------++-------
Melee: Hand axe          |    41 |       |       |       ||    41
       Headbutt          |     4 |    11 |    34 |    23 ||    72
       Quarterstaff      |    16 |     4 |       |       ||    20
       Halberd           |       |    41 |       |       ||    41
       War axe           |       |    44 |   170 |       ||   214
       Punch             |       |       |     2 |       ||     2
       Dire flail        |       |       |    21 |   143 ||   164
 Fire: Hunting sling     |    24 |    98 |    61 |     4 ||   187
Throw: Dart              |     4 |     2 |     3 |    21 ||    30
Invok: Berserk           |     1 |     3 |     6 |     6 ||    16
       Trog's Hand       |       |     1 |     5 |    12 ||    18
Evoke: Wand              |       |       |     1 |     1 ||     2
  Use: Scroll            |     1 |     5 |     7 |     1 ||    14
       Potion            |       |       |       |     1 ||     1
Armor: Animal skin       |    11 |       |       |       ||    11
       Scale mail        |     6 |    48 |    48 |     6 ||   108
       Plate armour      |       |       |       |    38 ||    38
       Chain mail        |       |       |       |     9 ||     9
Dodge: Dodged            |    41 |    75 |    80 |    39 ||   235
Block: Other             |       |       |    19 |    32 ||    51
       Reflection        |       |       |     2 |       ||     2

Table legend: (Time is in decaauts)
 A = Elapsed time spent in this place.
 B = Non-inter-level travel time spent in this place.
 C = Inter-level travel time spent in this place.
 D = Time resting spent in this place.
 E = Time spent auto-exploring this place.
 F = Levels seen in this place.
 G = Mean time per level.
                   A        B        C        D        E       F      G
               +--------+--------+--------+--------+--------+-----+--------+
         Total |  10408 |  10152 |    256 |   3082 |   4985 |  11 |  946.2 |
       Dungeon |   9267 |   9049 |    218 |   2597 |   4831 |   9 | 1029.7 |
  Orcish Mines |   1141 |   1103 |     38 |    485 |    154 |   2 |  570.5 |
               +--------+--------+--------+--------+--------+-----+--------+

Top non-repeatable levels by time:
     D:7: 1588 daAuts
     D:3: 1484 daAuts
     D:9: 1156 daAuts
     D:1: 1137 daAuts
     D:6: 922 daAuts
     D:8: 892 daAuts
     D:5: 713 daAuts
     D:4: 708 daAuts
   Orc:1: 663 daAuts
     D:2: 662 daAuts
   Orc:2: 477 daAuts
